 Dungeon Crawl Stone Soup version 0.21-a0-274-gc1afaeb (webtiles) character file.

1136 Gorice the Vexing (level 8, 0/54 HPs)
             Began as a Gnoll Arcane Marksman on Sept 19, 2017.
             Succumbed to a scorpion's poison
             ... on level 5 of the Dungeon.
             The game lasted 00:26:38 (7438 turns).

Gorice the Vexing (Gnoll Arcane Marksman)           Turns: 7438, Time: 00:26:39

Health: 0/54       AC:  4    Str:  7    XL:     8   Next: 36%
Magic:  4/10       EV:  9    Int:  7    God:
Gold:   171        SH:  0    Dex:  7    Spells: 7/10 levels left

rFire    + . .     SeeInvis .   a - +1 whip (venom)
rCold    . . .     Gourm    .   (no shield)
rNeg     . . .     Faith    .   o - +0 ring mail
rPois    .         Spirit   +   (no helmet)
rElec    .         Reflect  .   (no cloak)
rCorr    .         Harm     .   y - +0 pair of gloves
MR       .....     Clarity  +   h - +0 pair of boots
Stlth    +.........             n - amulet of guardian spirit
HPRegen  0.18/turn              u - ring of stealth
MPRegen  0.12/turn              E - -3 ring of protection (curse)

@: lethally poisoned (0 -> -2), heavily drained
A: unchanging attributes, fangs 1, clarity, fire resistance 1, strong nose
a: no special abilities


You were on level 5 of the Dungeon.
You were near starving.

You visited 1 branch of the dungeon, and saw 6 of its levels.

You collected 171 gold pieces.

Inventory:

Hand Weapons
 a - a +1 whip of venom (weapon)
   (You took it off a kobold on level 1 of the Dungeon)
 b - a +1 shortbow
 g - a +0 dagger of holy wrath
   (You took it off a kobold on level 1 of the Dungeon)
 m - the +3 dagger "Naiderph" {speed, +Blink}
   (You found it on level 5 of the Dungeon)

   Attacks with this weapon are significantly faster.
   It lets you blink.
 p - a +2 spear
 C - a +0 flail
Missiles
 d - 26 arrows
 i - 5 needles of sleeping
 Z - 150 stones (quivered)
Armour
 e - a +0 robe
 h - a +0 pair of boots (worn)
 j - a +0 chain mail
 o - a +0 ring mail (worn)
 t - a +0 scale mail
 y - a +0 pair of gloves (worn)
Jewellery
 n - an amulet of guardian spirit (around neck)
 u - a ring of stealth (left hand)
 E - a cursed -3 ring of protection (right hand)
Wands
 A - a wand of lightning (5/15)
Scrolls
 k - a scroll of magic mapping {!r}
 s - a scroll of enchant weapon
 w - a scroll of amnesia
Potions
 q - a potion of flight
Books
 c - a book of Debilitation
Comestibles
 f - 4 bread rations {!e}
 l - 2 meat rations {!e}


   Skills:
 - Level 1.3(0.0) Fighting
 + Level 6.7(5.1) Maces & Flails
 + Level 7.0(5.4) Bows
 + Level 4.6(3.1) Armour
 - Level 2.6(1.2) Dodging
 - Level 1.5(0.1) Spellcasting
 + Level 7.7(6.1) Hexes


You had 7 spell levels left.
You knew the following spells:

 Your Spells              Type           Power        Failure   Level  Hunger
a - Corona                Hex            #......      12%         1    ##.....
b - Slow                  Hex            #.......     19%         2    ###....


Dungeon Overview and Level Annotations

Branches:
Dungeon (6/15)
 Temple: D:4-7

Altars:
Ru
Zin

Shops:
D:5 (   D:6 *

Annotations:
D:4 vpUX: Zin temple w $ behind grll


Innate Abilities, Weirdness & Mutations

Your physical attributes are unchanging.
You have very sharp teeth.
Your uncanny sense of smell can sniff out nearby items.
You possess an exceptional clarity of mind.
Your flesh is heat resistant. (rF+)


Message History

You hit the wight.
The wight is moderately damaged.
The wight hits you with a falchion.
* * * LOW HITPOINT WARNING * * *
You feel drained.
* * * LOW HITPOINT WARNING * * *
You hit the wight.
The wight is heavily damaged.
Damage: 3 (max 17)
You hit the wight but do no damage.
The wight is heavily damaged.
The wight hits you with a falchion.
* * * LOW HITPOINT WARNING * * *
Damage: 4 (max 17)
You barely miss the wight.
The wight is heavily damaged.
The wight hits you but does no damage. The scorpion stings you.
* * * LOW HITPOINT WARNING * * *
You are lethally poisoned!
The scorpion poisons you!
Damage: 2 (max 17)
* * * LOW HITPOINT WARNING * * *
You feel sick.
Damage: 1 (max 17)
* * * LOW HITPOINT WARNING * * *
You feel sick.
Damage: 1 (max 17)
* * * LOW HITPOINT WARNING * * *
You feel sick.
* * * LOW HITPOINT WARNING * * *
You feel sick.
Damage: 1 (max 17)
* * * LOW HITPOINT WARNING * * *
You feel sick.
Damage: 1 (max 17)
* * * LOW HITPOINT WARNING * * *
You feel sick.
Damage: 1 (max 17)
* * * LOW HITPOINT WARNING * * *
You feel sick.
Damage: 1 (max 17)
You hit the scorpion but do no damage.
The scorpion is poisoned.
The scorpion stings you.
* * * LOW HITPOINT WARNING * * *
Damage: 1 (max 17)
You closely miss the scorpion.
The scorpion is lightly wounded.
You closely miss the scorpion.
The scorpion is lightly wounded.
You die...

.....##....#
#.#....#...##
.....##....#######
#.#....#.####
....###..........#
#.######.....
....#####........#
#.#.......###
.....# #........#
#.#.#......#
.....# #..).....#
#.#.#.#.##.#
.....# #........#
#.#.#.#....##
.....# #......zs#
#.#.#.#...<..
.....# #.......@#
#.#.#.#.##.##
.....# #........#
#.#.#......#
###### #........#
#.#.###.#####
########## #.#.#
#.#.... #.#.#
#.#.##. #.#.#
#.#.##< #...#
#...... #####
###.##. #.##.


You could see a scorpion and a wight.

Vanquished Creatures
  Grinder (D:6)
  3 phantoms
  A centaur (D:5)
  A water moccasin skeleton (D:5)
  2 wights (D:6)
  5 iguanas
  4 worker ants
  7 gnolls
  7 adders
  A shadow imp (D:5)
  An ooze (D:2)
  An adder skeleton (D:4)
  A worm (D:2)
  2 dart slugs
  11 orcs
  6 bats
  5 giant cockroaches
  6 goblins
  7 hobgoblins
  7 jackals
  3 quokkas
  3 frilled lizards
  10 kobolds
  11 rats
106 creatures vanquished.

Notes
Turn   | Place    | Note
-------+----------+-------------------------------------------
     0 | D:1      | Gorice the Gnoll Arcane Marksman began the quest for the Orb.
     0 | D:1      | Reached XP level 1. HP: 15/15 MP: 3/3
   291 | D:1      | Reached skill level 1 in Maces & Flails
   327 | D:1      | Reached skill level 3 in Bows
   327 | D:1      | Reached XP level 2. HP: 20/21 MP: 2/4
   859 | D:2      | Reached skill level 2 in Maces & Flails
   912 | D:2      | Reached XP level 3. HP: 26/26 MP: 5/5
  1633 | D:2      | HP: 5/26 [gnoll/whip (10)]
  1634 | D:2      | Reached skill level 5 in Hexes
  1634 | D:2      | Reached XP level 4. HP: 6/32 MP: 4/6
  2287 | D:3      | Learned a level 2 spell: Slow
  2366 | D:3      | Reached skill level 3 in Maces & Flails
  2530 | D:3      | Reached skill level 4 in Bows
  2959 | D:3      | Reached XP level 5. HP: 33/37 MP: 4/7
  3716 | D:4      | Reached skill level 4 in Maces & Flails
  3950 | D:4      | HP: 9/37 [orc/flail (7)]
  3952 | D:4      | Reached skill level 6 in Hexes
  4329 | D:4      | Reached XP level 6. HP: 23/43 MP: 2/8
  4356 | D:4      | HP: 12/43 [gnoll/spear (6)]
  4358 | D:4      | Found a glowing silver altar of Zin.
  4358 | D:4      | HP: 1/43 [gnoll/spear (7)]
  4365 | D:4      | HP: 8/43 [gnoll/spear (3)]
  4371 | D:4      | HP: 9/43 [gnoll/spear (6)]
  4715 | D:4      | Noticed a phantom
  4751 | D:4      | Killed a phantom
  4751 | D:4      | Reached skill level 5 in Bows
  4751 | D:4      | Reached skill level 1 in Armour
  5070 | D:4      | Reached skill level 5 in Maces & Flails
  5216 | D:4      | Reached XP level 7. HP: 22/48 MP: 2/9
  5525 | D:4      | Reached skill level 2 in Armour
  5947 | D:5      | Entered Level 5 of the Dungeon
  6055 | D:5      | Got a crystal dagger
  6056 | D:5      | Identified the +3 dagger "Naiderph" {speed, +Blink} (You found it on level 5 of the Dungeon)
  6502 | D:5      | HP: 13/48 [centaur/arrow (10)]
  6508 | D:5      | HP: 5/48 [centaur (7)]
  6509 | D:5      | HP: 2/48 [centaur (3)]
  6517 | D:5      | Reached skill level 6 in Bows
  6517 | D:5      | Reached skill level 3 in Armour
  6517 | D:5      | Reached skill level 7 in Hexes
  6814 | D:6      | Found a sacrificial altar of Ru.
  6886 | D:5      | Found Tebb's Weapon Boutique.
  7036 | D:5      | Reached skill level 6 in Maces & Flails
  7036 | D:5      | Reached XP level 8. HP: 45/54 MP: 4/10
  7259 | D:6      | Found Simil's Assorted Antiques.
  7263 | D:6      | Noticed Grinder
  7276 | D:6      | Paralysed by Grinder for 4 turns
  7295 | D:6      | Paralysed by Grinder for 7 turns
  7311 | D:6      | Killed Grinder
  7311 | D:6      | Reached skill level 7 in Bows
  7311 | D:6      | Reached skill level 4 in Armour
  7343 | D:6      | Gained mutation: Your flesh is heat resistant. (rF+) [potion of mutation]
  7343 | D:6      | Gained mutation: You possess an exceptional clarity of mind. [potion of mutation]
  7376 | D:6      | HP: 14/54 [wight/falchion (4)]
  7381 | D:6      | HP: 9/54 [wight/falchion (6)]
  7421 | D:5      | HP: 14/54 [wight/falchion (3)]
  7425 | D:5      | HP: 6/54 [poisoned by a scorpion]
  7430 | D:5      | HP: 3/54 [poisoned by a scorpion]
  7435 | D:5      | HP: 2/54 [poisoned by a scorpion]
  7438 | D:5      | Succumbed to a scorpion's poison

Vault maps used:
D:1:      elethiomel_arrival_shortcut
D:4:      zin_treasury
D:5:      first_bread, serial_shops, shop
D:6:      corexii_shack_village, old_standard_altar, serial_shops,
          nicolae_shop_statue_plus, hex_medium, uniq_grinder

Skill      XL: |  1  2  3  4  5  6  7  8 |
---------------+-------------------------+-----
Maces & Flails | 1 2 3 4 5 6 |  6.7
Bows           | 3 4 5 6 7 |  7.0
Hexes          | 5 6 7 |  7.7
Armour         | 1 3 4 |  4.6
Fighting       | |  1.3
Dodging        | |  2.6
Spellcasting   | |  1.5

Action                   |  1- 3 |  4- 6 |  7- 9 || total
-------------------------+-------+-------+-------++-------
Melee: Whip              |    68 |   142 |    90 ||   300
       Bite              |       |     8 |     1 ||     9
 Fire: Shortbow          |    50 |    91 |   136 ||   277
 Cast: Corona            |    27 |    52 |    41 ||   120
       Slow              |       |     5 |     2 ||     7
  Use: Scroll            |       |     6 |     3 ||     9
       Potion            |       |     2 |     4 ||     6
 Stab: Sleeping          |       |     1 |       ||     1
  Eat: Chunk             |     3 |    14 |     3 ||    20
       Royal jelly       |       |       |     2 ||     2
Armor: Robe              |    10 |    28 |       ||    38
       Ring mail         |       |     9 |    23 ||    32
       Skin              |       |       |    26 ||    26
Dodge: Dodged            |    53 |    98 |    54 ||   205

Table legend:
 A = Spawn XP
 B = Non-spawn XP
 C = Spawn XP percentage of total XP
 D = Spawn monster count
 E = Non-spawn monster count
 F = Spawn count percentage of total count
 G = Total turns spent on level
                    A         B        C        D         E        F      G
               +---------+---------+-------+---------+---------+-------+---------
         Total |       0 |    1623 |   0.0 |       0 |     106 |   0.0 |  7438
               +---------+---------+-------+---------+---------+-------+---------
           D:1 |       0 |      45 |   0.0 |       0 |      21 |   0.0 |  1023
           D:2 |       0 |      61 |   0.0 |       0 |      18 |   0.0 |  1224
           D:3 |       0 |     114 |   0.0 |       0 |      28 |   0.0 |  1341
           D:4 |       0 |     444 |   0.0 |       0 |      21 |   0.0 |  2415
           D:5 |       0 |     435 |   0.0 |       0 |      14 |   0.0 |   994
           D:6 |       0 |     524 |   0.0 |       0 |       4 |   0.0 |   441
               +---------+---------+-------+---------+---------+-------+---------

Table legend:
 A = Turns spent in this place as a percentage of turns spent in the entire game.
 B = Non-inter-level travel turns spent in this place as a percentage of non-inter-level travel turns spent in the entire game.
 C = Inter-level travel turns spent in this place as a percentage of turns spent in this place.
 D = Turns resting spent in this place as a percentage of non-inter-level travel turns spent in this place.
 E = Turns spent auto-exploring this place as a percentage of non-inter-level travel turns spent in this place.
 F = Non-inter-level travel turns spent in this place divided by the number of levels of this place that you've seen.
                   A       B       C       D       E      F
               +-------+-------+-------+-------+-------+----------------------
         Total | 100.0 | 100.0 |   3.1 |  35.3 |  29.7 | 1200.8
       Dungeon | 100.0 | 100.0 |   3.1 |  35.3 |  29.7 | 1200.8
               +-------+-------+-------+-------+-------+----------------------

Vault maps used:
D:1:      elethiomel_arrival_shortcut
D:4:      zin_treasury
D:5:      first_bread, serial_shops, shop
D:6:      corexii_shack_village, old_standard_altar, serial_shops,
          nicolae_shop_statue_plus, hex_medium, uniq_grinder
